 Dungeon Crawl Stone Soup version 0.17-a0-2098-gf59d6bc (webtiles) character file.

565 4thArraOfDagon the Ruffian (level 7, 0/59 HPs)
             Began as a Troll Summoner on Oct 17, 2015.
             Was an Initiate of the Shining One.
             Slain by a wight
             ... wielding a +2 trident of freezing
              (6 damage)
             ... on level 8 of the Dungeon.
             The game lasted 00:05:51 (1082 turns).

4thArraOfDagon the Ruffian (Troll Summoner)         Turns: 1082, Time: 00:05:51

Health: 0/59       AC:  5    Str: 17    XL:     7   Next: 10%
Magic:  7/7        EV:  9    Int: 13    God:    the Shining One [......]
Gold:   71         SH:  0    Dex: 10    Spells: 1 memorised, 7 levels left

rFire  + . .     SeeInvis .       - Unarmed
rCold  x . .     Clarity  .     a - +0 robe
rNeg   . . .     SustAt   .     (no shield)
rPois  .         Gourm    +     (helmet restricted)
rElec  .         Spirit   .     (no cloak)
rCorr  .         Warding  .     (gloves unavailable)
rMut   .         Stasis   .     (boots unavailable)
MR     .....                    (no amulet)
Stlth  +.........               (no ring)
                                n - ring of fire

@: drained, not resistant to hostile enchantments, very unstealthy
A: unfitting armour, claws 3, fast metabolism 3, gourmand, regeneration 2,
shaggy fur 1, tough skin 2
a: Renounce Religion


You were on level 8 of the Dungeon.
You worshipped the Shining One.
The Shining One was noncommittal.
You were very full.

You visited 2 branches of the dungeon, and saw 10 of its levels.

You collected 71 gold pieces.

Inventory:

Armour
 a - a +0 robe (worn)
Jewellery
 n - a ring of fire (left claw)
Wands
 i - a wand of draining (4)
Scrolls
 d - a scroll of random uselessness {unknown}
 e - a scroll of identify
 g - a scroll of remove curse
 m - a scroll of fog {unknown}
 o - a scroll of holy word {unknown}
Potions
 f - a potion of haste
Books
 b - a book of Callings

   Spells                             Type                      Level
   a - Summon Small Mammal            Summoning                    1
   b - Call Imp                       Summoning                    2
   c - Call Canine Familiar           Summoning                    3
   d - Summon Guardian Golem          Hexes/Summoning              3
   e - Summon Lightning Spire         Summoning/Air                4
   f - Summon Ice Beast               Ice/Summoning                4
Comestibles
 c - 2 bread rations
 j - a meat ration
 l - 2 fruits


   Skills:
 - Level 1.5(0.9) Dodging
 - Level 1.1(0.5) Stealth
 * Level 7.5(6.7) Unarmed Combat
 - Level 1.2(0.6) Spellcasting
 - Level 2.9(2.3) Summonings


You had 7 spell levels left.
You knew the following spells:

 Your Spells              Type           Power        Failure   Level  Hunger
a - Summon Small Mammal   Summ           #...         12%         1    ##.....


Dungeon Overview and Level Annotations

Branches:
Dungeon (9/15)             Temple (1/1) D:6
   Lair: D:8-11         Orc: D:9-12

Altars:
Ashenzari
Cheibriados
Dithmenos
Elyvilon
Fedhas
Kikubaaqudgha
Makhleb
Nemelex Xobeh
Okawaru
Qazlal
Ru
Sif Muna
Trog
Vehumet
Xom
Yredelemnul
Zin
The Shining One

Shops:
D:5 (   D:7 *

Annotations:
D:5 cireshan's ghost, novice DDEE


Innate Abilities, Weirdness & Mutations

You are too large for most types of armour.
You have claws for hands.
Your metabolism is lightning-fast.
You like to eat raw meat.
You heal very quickly.
You are covered in fur (AC +1).
You have very tough skin (AC +2).


Message History

You claw the wight!
The wight is heavily damaged.
You closely miss the wight. Your claw misses the wight.
The wight is heavily damaged.
The wight closely misses you.
You barely miss the wight.
The wight is heavily damaged.
The wight hits you with a trident of freezing!
* * * LOW HITPOINT WARNING * * *
You feel drained.
* * * LOW HITPOINT WARNING * * *
The wight freezes you.
* * * LOW HITPOINT WARNING * * *
Unknown command.
Drink which item? (? for menu, Esc to quit)
Okay, then.
You claw the wight!
The wight is almost destroyed.
The wight hits you with a trident of freezing.
You die...

.......†.####...#
................#
..#...#..#.##.#.# .
#...........###
#...........# #
#....#.#.#..## #
#..#.#.#.#...#
....#.#.#.#...#######
.#. #.#.#.#...@.....#
. #<......#z.####
...........#
#####......#
#..._...# #.......##
# #.#.....# .
#.####..# . ... #.##


You could see a wight.

Vanquished Creatures
  A sky beast (D:8)
  A centaur (D:8)
  An ogre (D:4)
  2 giant frogs (D:8)
  2 hounds
  3 worker ants
  3 adders
  A shadow imp (D:6)
  2 oozes (D:1)
  A worm (D:6)
  A giant gecko (D:8)
  2 orcs
  2 bats (D:1)
  A hobgoblin (D:1)
  2 jackals (D:6)
  A giant gecko zombie (D:5)
  A giant newt (D:2)
  2 quokkas (D:8)
  2 quokka zombies
  A rat (D:2)
32 creatures vanquished.

Notes
Turn   | Place    | Note
--------------------------------------------------------------
     0 | D:1      | 4thArraOfDagon the Troll Summoner began the quest for the Orb.
     0 | D:1      | Reached XP level 1. HP: 16/16 MP: 1/1
    10 | D:1      | Reached skill level 1 in Unarmed Combat
   125 | D:1      | Reached XP level 2. HP: 22/24 MP: 2/2
   336 | D:3      | Reached XP level 3. HP: 31/31 MP: 3/3
   364 | D:4      | Reached skill level 3 in Unarmed Combat
   446 | D:4      | Noticed an ogre
   452 | D:4      | Killed an ogre
   452 | D:4      | Reached skill level 4 in Unarmed Combat
   452 | D:4      | Reached XP level 4. HP: 39/39 MP: 4/4
   459 | D:5      | Entered Level 5 of the Dungeon
   459 | D:5      | Found Babog's Antique Weapon Shop.
   467 | D:5      | Noticed cireshan's ghost (novice DDEE)
   557 | D:6      | Found a staircase to the Ecumenical Temple.
   571 | D:6      | Reached XP level 5. HP: 35/45 MP: 5/5
   576 | Temple   | Entered the Ecumenical Temple
   613 | Temple   | :(
   613 | Temple   | fast temple=no god
   617 | Temple   | Became a worshipper of the Shining One
   645 | D:6      | Reached skill level 5 in Unarmed Combat
   688 | D:5      | Found a snail-covered altar of Cheibriados.
   688 | D:5      | Found a shimmering altar of Xom.
   688 | D:5      | Found a sparkling altar of Nemelex Xobeh.
   688 | D:5      | Found a shadowy altar of Dithmenos.
   695 | D:5      | obviously
   790 | D:7      | Noticed a deep elf fighter
   809 | D:7      | Found Cewkiph's General Store.
   833 | D:8      | Noticed a sky beast
   860 | D:8      | Killed a sky beast
   860 | D:8      | Reached skill level 6 in Unarmed Combat
   860 | D:8      | Reached XP level 6. HP: 30/53 MP: 6/6
   880 | D:8      | Noticed a centaur
   884 | D:8      | Gained mutation: You are frail (-10% HP). [potion of mutation]
   884 | D:8      | Gained mutation: Your muscles are strong. (Str +2) [potion of mutation]
   884 | D:8      | Gained mutation: Your mind is acute. (Int +2) [potion of mutation]
   888 | D:8      | Lost mutation: Your muscles are strong. (Str +2) [potion of cure mutation]
   888 | D:8      | Lost mutation: You are frail (-10% HP). [potion of cure mutation]
   888 | D:8      | Lost mutation: Your mind is acute. (Int +2) [potion of cure mutation]
   896 | D:8      | Killed a centaur
  1008 | D:8      | Reached skill level 7 in Unarmed Combat
  1015 | D:8      | Reached XP level 7. HP: 36/59 MP: 7/7
  1063 | D:8      | Found a shimmering altar of Xom.
  1082 | D:8      | Slain by a wight

Vault maps used:
D:1:      dpeg_arrival_chambers_temple_mockup, serial_bayou_pond_a
D:2:      minmay_door_path, ecumenical_altar_2, okawaru_gym_becter
D:3:      wad_rectangle_vault
D:4:      serial_shops, nicolae_shop_behind_doors, kennysheep_another_room,
          st_stairs_7, hangedman_decor_points, uniq_blork_the_orc
D:5:      nicolae_overflow_hidden_temple, first_bread, serial_shops, shop_statue
D:6:      minmay_temple_entry_statues_fountains, basic_altar, uniq_menkaure
D:7:      kennysheep_mini, serial_shops, nicolae_shop_crystal, grunt_livestock,
          sword_in_stone
D:8:      basic_altar
Temple:   water_room_temple_a_12

Action                   |  1- 3 |  4- 6 |  7- 9 || total
-------------------------+-------+-------+-------++-------
Melee: Unarmed           |    38 |    81 |    23 ||   142
Evoke: Wand              |     1 |       |       ||     1
  Use: Scroll            |     2 |       |       ||     2
       Potion            |       |     3 |       ||     3
 Stab: Sleeping          |     1 |       |       ||     1
  Eat: Chunk             |     5 |     9 |       ||    14
